 Dungeon Sprint DCSS version 0.31-a0-588-g14bffd4ff3 (webtiles) character file.

Game seed: 9390459129238733246

4464 Conn the Thaumaturge (level 10, -5/60 HPs)
             Began as an Octopode Fire Elementalist on Aug 19, 2023.
             Was a High Priest of Sif Muna.
             Shot with a bolt by a yaktaur captain (36 damage)
             ... in the Dungeon (Sprint II: "The Violet Keep of Menkaure").
             The game lasted 00:24:42 (1743 turns).

Conn the Thaumaturge (Octopode Fire Elementalist)   Turns: 1743, Time: 00:24:43

Health: -5/60      AC:  7    Str:  8    XL:     10   Next: 37%
Magic:  23/36      EV: 15    Int: 20    God:    Sif Muna [*****.]
Gold:   15         SH:  5    Dex: 15    Spells: 9/36 levels left

rFire   + . .        e - +1 rapier of Untimely Demise {pain, Will++ MP+9 Dex+3}
rCold   . . .        (no shield)
rNeg    + . .        d - +2 hat {Will+}
rPois   .            h - amulet of reflection
rElec   .            i - +4 ring of protection
rCorr   .            q - ring of protection from fire
SInv    .            r - ring of positive energy
Will    +++..        (no ring)
Stlth   +++++        (no ring)
HPRegen 0.30/turn    (no ring)
MPRegen 0.25/turn    (no ring)
                     (no ring)

%: no teleportation, reflection
@: no status effects
A: almost no armour, amphibious, 8 rings, camouflage 1, gelatinous body 1,
(nimble swimmer 1), tentacles, dopey 1
a: Renounce Religion, Channel Magic, Forget Spell, Divine Exegesis


You were in the Dungeon.
You worshipped Sif Muna.
Sif Muna was extremely pleased with you.
You visited 1 branch You collected 2269 gold pieces.
You spent 2254 gold pieces at shops.

Inventory:

Hand Weapons
 e - the +1 rapier of Untimely Demise (weapon) {pain, Will++ MP+9 Dex+3}
   (You bought it in a shop in the Dungeon)

   Dex+3:     It affects your dexterity (+3).
   Will++:    It greatly increases your willpower.
   MP+9:      It affects your magic capacity (+9).
 p - a +2 dagger of holy wrath
Armour
 d - a +2 hat of willpower (worn)
 m - a +0 buckler
Jewellery
 h - an amulet of reflection (around mantle)
 i - a +4 ring of protection (left tentacle)
 q - a ring of protection from fire (right tentacle)
 r - a ring of positive energy (on tentacle)
Scrolls
 f - a scroll of blinking
 g - a scroll of revelation
 k - a scroll of immolation
 l - a scroll of vulnerability
Potions
 a - 6 potions of magic
 b - a potion of curing
 c - a potion of heal wounds
 j - a potion of mutation {unknown}
 n - 2 potions of resistance
 o - 2 potions of enlightenment


   Skills:
 + Level 1.6 Fighting
 + Level 0.2 Throwing
 + Level 5.9 Dodging
 + Level 7.7 Stealth
 * Level 13.9 Spellcasting
 * Level 9.7 Conjurations
 + Level 1.8 Hexes
 * Level 1.0 Summonings
 + Level 13.5 Fire Magic
 * Level 1.0 Ice Magic
 * Level 5.5 Invocations


You had 9 spell levels left.
You knew the following spells:

 Your Spells              Type           Power      Damage    Failure   Level
a - Foxfire               Conj/Fire      100%       2x1d9     1%          1
b - Scorch                Fire           100%       2d9       1%          2
c - Inner Flame           Hex/Fire       44%        N/A       1%          3
d - Flame Wave            Conj/Fire      57%        2d14      1%          4
e - Summon Ice Beast      Ice/Summ       18%        N/A       30%         4
f - Plasma Beam           Fire/Air       20%        2x1d32    41%         6
g - Arcjolt               Conj/Air       16%        1d26      17%         5
h - Blink                 Tloc           26%        N/A       7%          2

Your spell library contained the following spells:

 Spells                   Type           Power      Damage    Failure   Level
 Momentum Strike          Conj/Tloc      66%        3d9       1%          2
 Volatile Blastmotes      Fire/Tloc      82%        2d16      1%          3
 Lesser Beckoning         Tloc           26%        N/A       7%          2
 Vhi's Electric Charge    Tloc/Air       26%        N/A       14%         3
 Anguish                  Hex/Necr       8%         N/A       30%         4
 Dispel Undead            Necr           13%        3d9       43%         4
 Ozocubu's Refrigeration  Ice            9%         4d9       100%        7
 Polar Vortex             Ice            9%         12d1*     100%        9


Dungeon Overview and Level Annotations

Branches:
Dungeon (1/1)

Altars:
Cheibriados
Dithmenos
Elyvilon
Fedhas
Gozag
Hepliaklqana
Kikubaaqudgha
Makhleb
Nemelex Xobeh
Okawaru
Qazlal
Ru
Sif Muna
Trog
Uskayaw
Vehumet
Wu Jian
Xom
Yredelemnul
Zin
The Shining One
Jiyva
Lugonu

Shops:
D =:=:[??[[![=!(*

Annotations:
D exclusions: ice statue, obsidian statue and oklob plant, Kirke


Innate Abilities, Weirdness & Mutations

You cannot wear most types of armour.
You are amphibious.
You can wear up to eight rings at the same time.
Your skin changes colour to match your surroundings (Stealth+).
Your rubbery body absorbs attacks. (AC +1, EV +1)
((You are camouflaged when in or above water. (Stealth+)))
You have tentacles for arms and can constrict up to eight enemies at once.
You are dopey. (Int -2)


Message History

The foxfire hits the centaur warrior!
The centaur warrior is lightly wounded.
The foxfire hits the centaur warrior.
The centaur warrior is moderately wounded.
The centaur warrior is engulfed in a cloud of scalding steam.
The centaur warrior wields a +0 shortbow.
The centaur warrior shoots an arrow.
You block the arrow with an invisible shield... and reflect it back!
The arrow hits the centaur warrior!
An elephant comes into view.
The yaktaur captain is engulfed in blazing flames.
Flame seeps out of the yaktaur captain.
You aren't carrying any items that you can evoke.
Unknown command.
Unknown command.
Unknown command.
Unknown command.
Okay, then.
Unknown command.
Casting: Foxfire (safe; 1% risk of failure)
Confirm with . or Enter, or press ? or * to list all spells.
Okay, then.
Unknown command.
Unknown command.
Okay, then.
Unknown command.
Casting: Foxfire (safe; 1% risk of failure)
Confirm with . or Enter, or press ? or * to list all spells.
Okay, then.
Unknown command.
Unknown command.
Casting: Foxfire (safe; 1% risk of failure)
Confirm with . or Enter, or press ? or * to list all spells.
You conjure some foxfire!
The elephant trumpets!
The centaur warrior shoots an arrow.
The arrow completely misses you. The arrow hits your foxfire!!
The yaktaur captain shoots a bolt.
The bolt hits you!!!
Ouch! That really hurt!
You die...

####+#### ##§○○○≈§≈##
##≈○§○○≈§§≈## ▓▓ # +≈○≈○○8≈≈≈≈≈#
+. K{####≈≈○≈≈≈§§≈ #.
c..~##≈○○≈≈≈ #○
##########~K#'○v#+++## #
#########~~Y{c..@....# ○○ k#
.∩......#~~~~c##+##..# #° k#
..∩.∩...#~~~~##...##.#### +.##.#
...∩.∩..#~~~~#.##..# ...# ...##
....∩.⌠.#~~####.######..## #..##
...∩.∩..#~##. ##'###.##..# +..#.
..∩.∩...#~#.B$##.##..##..# #..#.
.∩.∩....'~+ #+.<.'##.†..####..##
∩.∩.....#~#.B.##.##..##....###.†.


You could see a yaktaur captain (inner flame, combustible, ally target), an
obsidian statue, an elephant, a centaur warrior and a kobold demonologist.

Vanquished Creatures
  A death drake (D)
  2 deep trolls (D)
  A yaktaur (D)
  3 polar bears (D)
  A hornet (D)
  A blink frog (D)
  4 neqoxecs (D)
  Menkaure (D)
  4 water moccasins (D)
  2 swamp drakes (D)
  4 necrophages (D)
  4 scorpions (D)
  A tentacle (D)
29 creatures vanquished.

Vanquished Creatures (others)
  124 foxfires (D)
  92 tentacles (D)
216 creatures vanquished.

Grand Total: 245 creatures vanquished

Notes
Turn   | Place    | Note
-------+----------+-------------------------------------------
     0 | D        | Conn the Octopode Fire Elementalist began the quest for the
                  | Orb.
     0 | D        | Reached XP level 1. HP: 11/11 MP: 3/3
     1 | D        | Noticed a boulder beetle
     1 | D        | Noticed a boulder beetle
     4 | D        | Noticed a necrophage
     4 | D        | Noticed a necrophage
     4 | D        | Noticed a necrophage
     4 | D        | Noticed a necrophage
    11 | D        | Killed a necrophage
    12 | D        | Reached skill level 5 in Fire Magic
    12 | D        | Reached XP level 2. HP: 16/17 MP: 4/7
    12 | D        | Reached XP level 3. HP: 19/21 MP: 4/8
    12 | D        | Reached XP level 4. HP: 25/27 MP: 5/10
    14 | D        | Killed a necrophage
    15 | D        | Reached XP level 5. HP: 30/31 MP: 6/12
    18 | D        | Reached skill level 5 in Stealth
    18 | D        | Reached skill level 5 in Spellcasting
    23 | D        | Reached XP level 6. HP: 24/36 MP: 6/15
    28 | D        | Noticed a flying skull
    28 | D        | Noticed a flying skull
    28 | D        | Noticed a flying skull
    28 | D        | Noticed a flying skull
    28 | D        | Noticed a flying skull
    30 | D        | Noticed a flying skull
    30 | D        | Noticed a water moccasin
    30 | D        | Noticed a flying skull
    30 | D        | Noticed a flying skull
    32 | D        | Noticed a flying skull
    36 | D        | Killed a water moccasin
    37 | D        | Reached skill level 5 in Conjurations
    42 | D        | Found a hazy altar of Hepliaklqana.
    42 | D        | Found a snail-covered altar of Cheibriados.
    43 | D        | Found a stormy altar of Qazlal.
    43 | D        | Found a viscous altar of Jiyva.
    43 | D        | Found a shadowy altar of Dithmenos.
    44 | D        | Found a sacrificial altar of Ru.
    44 | D        | Found an ancient bone altar of Kikubaaqudgha.
    44 | D        | Found a white marble altar of Elyvilon.
    45 | D        | Found an ornate altar of the Wu Jian Council.
    45 | D        | Found a shimmering blue altar of Sif Muna.
    45 | D        | Found a corrupted altar of Lugonu.
    46 | D        | Found a shimmering altar of Xom.
    46 | D        | Found a bloodstained altar of Trog.
    46 | D        | Found a burning altar of Makhleb.
    47 | D        | Found a glowing golden altar of the Shining One.
    47 | D        | Found a basalt altar of Yredelemnul.
    47 | D        | Found a hide-covered altar of Uskayaw.
    49 | D        | Found a glowing silver altar of Zin.
    49 | D        | Found a radiant altar of Vehumet.
    49 | D        | Found a blossoming altar of Fedhas.
    49 | D        | Found a sparkling altar of Nemelex Xobeh.
    50 | D        | Found an opulent altar of Gozag.
    50 | D        | Found an iron altar of Okawaru.
    54 | D        | Noticed a water moccasin
    55 | D        | Noticed a water moccasin
    56 | D        | Became a worshipper of Sif Muna the Loreminder
    60 | D        | Learned a level 2 spell: Scorch
    64 | D        | Learned a level 3 spell: Inner Flame
    69 | D        | Learned a level 4 spell: Flame Wave
    81 | D        | Noticed a kraken
    92 | D        | Found the +8 arc blade {discharge, rElec}
   245 | D        | Noticed a water moccasin
   253 | D        | Killed a water moccasin
   254 | D        | Reached XP level 7. HP: 33/41 MP: 9/17
   256 | D        | Reached skill level 5 in Dodging
   274 | D        | Reached * piety under Sif Muna
   275 | D        | Reached skill level 10 in Fire Magic
   366 | D        | Noticed a deep troll
   367 | D        | Noticed a deep troll
   369 | D        | Noticed a flying skull
   369 | D        | Noticed a flying skull
   369 | D        | Noticed a flying skull
   369 | D        | Noticed a flying skull
   369 | D        | Noticed a flying skull
   369 | D        | Noticed a flying skull
   377 | D        | Killed a deep troll
   378 | D        | Reached XP level 8. HP: 46/46 MP: 1/21
   386 | D        | Killed a deep troll
   387 | D        | Reached skill level 10 in Spellcasting
   387 | D        | Reached XP level 9. HP: 51/51 MP: 0/23
   531 | D        | Noticed an ice statue
  1043 | D        | Noticed a yaktaur
  1043 | D        | Noticed a hornet
  1043 | D        | Noticed a polar bear
  1044 | D        | Noticed a polar bear
  1045 | D        | Noticed a polar bear
  1052 | D        | Killed a polar bear
  1052 | D        | Killed a polar bear
  1052 | D        | Reached ** piety under Sif Muna
  1057 | D        | Killed a hornet
  1057 | D        | Killed a polar bear
  1057 | D        | Killed a yaktaur
  1058 | D        | Reached skill level 1 in Fighting
  1058 | D        | Reached skill level 1 in Hexes
  1198 | D        | Noticed a death drake
  1211 | D        | Killed a death drake
  1211 | D        | Reached *** piety under Sif Muna
  1212 | D        | Reached XP level 10. HP: 35/59 MP: 7/27
  1346 | D        | Noticed a crystal guardian
  1365 | D        | Reached **** piety under Sif Muna
  1434 | D        | Gained mutation: You are dopey. (Int -2) [a neqoxec]
  1439 | D        | Reached ***** piety under Sif Muna
  1440 | D        | Reached skill level 5 in Invocations
  1442 | D        | Received a gift from Sif Muna
  1446 | D        | Got Sif Muna's Discourse on Lethal Hail {god gift}
  1460 | D        | Learned a level 4 spell: Summon Ice Beast
  1554 | D        | Found Koorera's Assorted Antiques.
  1555 | D        | Found Ahisid's Distillery.
  1555 | D        | Found Nos Acij's Jewellery Shoppe.
  1562 | D        | Found Caniv's Distillery.
  1562 | D        | Found Ejew's Antique Armour Shoppe.
  1562 | D        | Found Oraex's Antique Weapon Shoppe.
  1562 | D        | Found Muosoe's Antique Armour Emporium.
  1574 | D        | Found Weut's Magic Scroll Emporium.
  1574 | D        | Found Carroy's Magic Scroll Shoppe.
  1626 | D        | Found Iqoreax's Antique Armour Emporium.
  1626 | D        | Found Peskoihoko's Antique Armour Shoppe.
  1629 | D        | Noticed Menkaure
  1629 | D        | Noticed a shining eye
  1634 | D        | Killed Menkaure
  1635 | D        | Reached skill level 1 in Summonings
  1635 | D        | Reached skill level 1 in Ice Magic
  1640 | D        | Found Neom's Book Shoppe.
  1640 | D        | Found Wun Zapp's Jewellery Emporium.
  1640 | D        | Noticed a shining eye
  1640 | D        | Noticed a shining eye
  1640 | D        | Noticed an oklob plant
  1641 | D        | Found Haucluex's Jewellery Shoppe.
  1641 | D        | Found Veidexza's Book Shoppe.
  1646 | D        | Noticed a cane toad
  1648 | D        | Bought a scroll of acquirement for 520 gold pieces
  1648 | D        | Acquired 956 gold pieces
  1650 | D        | Noticed a cane toad
  1653 | D        | Bought a book of Spatial Translocations for 180 gold pieces
  1653 | D        | Bought a book of Lightning for 340 gold pieces
  1660 | D        | Learned a level 6 spell: Plasma Beam
  1666 | D        | Learned a level 5 spell: Arcjolt
  1670 | D        | Bought an ichor-stained rapier for 234 gold pieces
  1670 | D        | Identified the +1 rapier of Untimely Demise {pain, Will++
                  | MP+9 Dex+3} (You bought it in a shop in the Dungeon)
  1679 | D        | Bought a lumpy ruby amulet for 120 gold pieces
  1689 | D        | Bought a +4 ring of protection for 360 gold pieces
  1696 | D        | Bought a ring of protection from fire for 300 gold pieces
  1702 | D        | Bought a ring of positive energy for 200 gold pieces
  1715 | D        | Learned a level 2 spell: Blink
  1720 | D        | Noticed a centaur warrior
  1720 | D        | Noticed Kirke
  1720 | D        | Noticed a yaktaur captain
  1721 | D        | Noticed a kobold demonologist
  1722 | D        | Noticed an obsidian statue
  1742 | D        | Noticed an elephant
  1743 | D        | Shot with a bolt by a yaktaur captain

Illustrated notes

Levels and vault maps discovered:
D:        the_violet_keep_of_menkaure [sprint2_stairs_cluster_1,
          sprint2_shoproom, sprint2_temple, sprint2_basic_supplies,
          sprint2_obstacle_1, sprint2_obstacle_2, sprint2_obstacle_3,
          sprint2_obstacle_6, sprint2_obstacle_5, sprint2_timed_cluster_1,
          sprint2_smallroom_cluster_1, sprint2_smallroom_final_cluster_1,
          sprint2_transparent_cluster_1, sprint2_second_timed_cluster_1,
          sprint2_sniper_area_1, sprint2_heavy_combat_area_1,
          sprint2_mutation_trap_area_1, sprint2_forest_area_1,
          sprint2_light_combat_area_1, sprint2_behind_water_1,
          sprint2_near_end_vault_1]

Skill      XL: |  1  2  3  4  5  6  7  8  9 10 |
---------------+-------------------------------+-----
Stealth        | 4 5 6 7 |  7.7
Spellcasting   | 4 6 7 9 10 13 | 13.9
Conjurations   | 3 4 5 7 8 9 |  9.7
Fire Magic     | 5 6 8 9 11 12 13 | 13.5
Dodging        | 3 4 5 |  5.9
Invocations    | 4 5 |  5.5
Fighting       | 1 |  1.6
Hexes          | 1 |  1.8
Summonings     | 1 |  1.0
Ice Magic      | 1 |  1.0
Throwing       | |  0.2

Action                     |  1- 3 |  4- 6 |  7- 9 | 10-12 || total
---------------------------+-------+-------+-------+-------++-------
  Melee: Unarmed           |     5 |    11 |       |       ||    16
         Tentacles         |     1 |     3 |       |       ||     4
         Constrict         |     1 |     2 |       |       ||     3
         Dagger            |       |       |     3 |     2 ||     5
  Throw: Throwing net      |       |       |     1 |       ||     1
   Cast: Foxfire           |       |     4 |    84 |     5 ||    93
         Scorch            |       |     3 |    29 |     7 ||    39
         Inner Flame       |       |       |     9 |     1 ||    10
         Flame Wave        |       |       |     2 |     5 ||     7
         Summon Ice Beast  |       |       |       |     2 ||     2
 Invoke: Channel Magic     |       |       |     2 |       ||     2
    Use: Potion            |     2 |     3 |     2 |       ||     7
         Scroll            |       |     4 |       |     1 ||     5
   Stab: Sleeping          |       |       |     1 |     2 ||     3
 Armour: Skin              |       |       |     1 |       ||     1
  Dodge: Dodged            |     1 |     7 |    10 |     8 ||    26
  Block: Other             |       |       |       |     1 ||     1
         Reflection        |       |       |       |     1 ||     1

Table legend: (Time is in decaauts)
 A = Elapsed time spent in this place.
 B = Non-inter-level travel time spent in this place.
 C = Inter-level travel time spent in this place.
 D = Time resting spent in this place.
 E = Time spent auto-exploring this place.
 F = Levels seen in this place.
 G = Mean time per level.
                   A        B        C        D        E       F      G
               +--------+--------+--------+--------+--------+-----+--------+
         Total |   1710 |   1710 |      0 |    758 |      0 |   1 | 1710.0 |
       Dungeon |   1710 |   1710 |      0 |    758 |      0 |   1 | 1710.0 |
               +--------+--------+--------+--------+--------+-----+--------+

Top non-repeatable levels by time:
       D: 1710 daAuts
